 Dungeon Crawl Stone Soup version 0.28-a0-1404-g4df0f3684d (webtiles) character file.

Game seed: 12134522860263085643

80 fragbeetle the Ruffian (level 4, -4/38 HPs)
             Began as a Naga Transmuter on Jan 5, 2022.
             Slain by a goblin (5 damage)
             ... led by Robin
             ... on level 2 of the Dungeon.
             The game lasted 00:05:44 (3132 turns).

fragbeetle the Ruffian (Naga Transmuter)            Turns: 3132, Time: 00:05:45

Health: -4/38      AC:  2    Str: 14    XL:     4   Next: 39%
Magic:  7/7        EV: 10    Int: 13    God:
Gold:   88         SH:  0    Dex: 12    Spells: 3/7 levels left

rFire   . . .      SeeInvis +     - Unarmed
rCold   . . .      Faith    .   (no shield)
rNeg    . . .      Spirit   .   a - +0 robe
rPois   +          Reflect  .   (no helmet)
rElec   .          Harm     .   (no cloak)
rCorr   .          Rampage  .   (no gloves)
Will    .....                   (no barding)
Stlth   +.........              (no amulet)
HPRegen 0.12/turn               (no ring)
MPRegen 0.10/turn               (no ring)

@: on berserk cooldown, slowed, very slow
A: AC +1, large, see invisible, deformed body, poison resistance, slowness 2,
spit poison 1, naga tail 1
a: Spit Poison


You were on level 2 of the Dungeon.
You visited 1 branch of the dungeon, and saw 2 of its levels.

You collected 88 gold pieces.

Inventory:

Missiles
 c - 67 stones
 i - 5 datura-tipped darts
Armour
 a - a +0 robe (worn)
Scrolls
 b - a scroll of holy word {unknown}
 d - a scroll of immolation {unknown}
 e - a scroll of identify {unknown}
 g - a scroll of summoning {unknown}
 h - a scroll of fog {unknown}
 j - a scroll of vulnerability {unknown}


   Skills:
 + Level 1.5 Fighting
 + Level 2.0 Dodging
 * Level 3.7 Unarmed Combat
 - Level 2.1 Spellcasting
 * Level 3.0 Transmutations
 + Level 1.1 Poison Magic


You had 3 spell levels left.
You knew the following spells:

 Your Spells              Type           Power      Damage    Failure   Level
a - Beastly Appendage     Tmut           18%        N/A       8%          1
b - Spider Form           Tmut/Pois      6%         N/A       32%         3

Your spell library contained the following spells:

 Spells                   Type           Power      Damage    Failure   Level
 Wereblood                Tmut           9%         N/A       11%         2
 Ice Form                 Ice/Tmut       5%         N/A       80%         4


Dungeon Overview and Level Annotations

Branches:
Dungeon (2/15)

Altars:

Annotations:
D:2 Robin


Innate Abilities, Weirdness & Mutations

Your serpentine skin is tough. (AC +1)
You have supernaturally acute eyesight. (SInv)
Armour fits poorly on your strangely shaped body.
Your system is resistant to poisons. (rPois)
You cover ground very slowly.
You can spit poison.
You have a snake-like lower body.


Message History

The goblin hits you but does no damage.
You hear a shout!
You closely miss the goblin. The goblin hits you with a +0 club.
A hobgoblin comes into view.
The goblin hits you with a +0 club.
You hit the goblin.
You kill the goblin!
The goblin hits you with a +0 dagger.
A goblin comes into view. It is wielding a +0 dagger.
The goblin hits you with a +0 club.
The goblin shouts!
You hit the goblin.
You kill the goblin!
Robin throws the goblin at you! The goblin hits you with a +0 dagger.
You hit the goblin.
The goblin is moderately wounded.
A goblin comes into view. It is wielding a +0 club.
The goblin hits you with a +0 club.
* * * LOW HITPOINT WARNING * * *
A hobgoblin comes into view.
The goblin hits you with a +0 dagger.
* * * LOW HITPOINT WARNING * * *
It was a potion of berserk rage.
A red film seems to cover your vision as you go berserk!
You feel yourself moving faster!
You feel mighty!
Your horns disappear.
The hobgoblin shouts!
The goblin shouts!
The goblin hits you with a +0 club.
* * * LOW HITPOINT WARNING * * *
The goblin hits you with a +0 dagger.
* * * LOW HITPOINT WARNING * * *
Unknown command.
You feel a strong urge to attack something.
You see here a +0 club.
The goblin barely misses you.
You feel your anger nearly subside.
You are no longer berserk.
You are exhausted.
You feel yourself slow down. The goblin hits you with a +0 club.
You die...

.....g.....# ..###..#.....
.(....g.##.###..##......#..
#g##.#.....#.........
#g##.#.....# #..#.#..
#g.g.......# #..#.#..
###).....## #....)..
##g....# #.#..#).
#g....###.# #..#.#
#@........#.#..#.#
###.###.###.#.#..#..
...###.###.........
.####.#............#.#
......................
###..#.##........>#..
#<.#.##..#.###.....
#..#.##............
#..#.##..#.###.###.


You could see Robin and 2 goblins.

Vanquished Creatures
  An adder (D:2)
  2 worms (D:2)
  3 dart slugs (D:1)
  4 endoplasms
  2 giant cockroaches
  6 goblins
  4 hobgoblins (D:1)
  10 kobolds
  3 quokkas (D:1)
  7 ball pythons
  5 bats
  3 frilled lizards (D:2)
  4 rats
54 creatures vanquished.

Vanquished Creatures (others)
  2 fungi (D:1)
2 creatures vanquished.

Grand Total: 56 creatures vanquished

Notes
Turn   | Place    | Note
-------+----------+-------------------------------------------
     0 | D:1      | fragbeetle the Naga Transmuter began the quest for the Orb.
     0 | D:1      | Reached XP level 1. HP: 18/18 MP: 3/3
   159 | D:1      | Reached XP level 2. HP: 10/25 MP: 3/5
  1319 | D:1      | Reached XP level 3. HP: 31/31 MP: 4/6
  1323 | D:1      | Learned a level 3 spell: Spider Form
  1794 | D:1      | Found a faded altar of an unknown god.
  2543 | D:2      | Reached XP level 4. HP: 32/38 MP: 5/7
  2594 | D:2      | Reached skill level 1 in Poison Magic
  3115 | D:2      | Noticed Robin
  3128 | D:2      | HP: 2/57 [goblin[Robin] (5)]
  3132 | D:2      | Slain by a goblin

Illustrated notes

Levels and vault maps discovered:
D:1:      matt_arrival_debris, layout_basic,
          shapermc_ecumenical_altar_mp_urbaneastern
D:2:      minmay_chambers_of_twos, layout_basic, kennysheep_path_1, uniq_robin

Skill      XL: |  1  2  3  4 |
---------------+-------------+-----
Dodging        | 2 |  2.0
Poison Magic   | 1 |  1.1
Transmutations | 3 |  3.0
Fighting       | |  1.5
Unarmed Combat | |  3.7
Spellcasting   | |  2.1

Action                   |  1- 3 |  4- 6 || total
-------------------------+-------+-------++-------
Melee: Unarmed           |   127 |    54 ||   181
       Headbutt          |    17 |    11 ||    28
       Punch             |     3 |     2 ||     5
 Cast: Beastly Appendage |    31 |    13 ||    44
 Abil: Spit Poison       |     5 |       ||     5
  Use: Potion            |       |     1 ||     1
Armor: Robe              |    36 |     6 ||    42
Dodge: Dodged            |    72 |    22 ||    94

Table legend: (Time is in decaauts)
 A = Elapsed time spent in this place.
 B = Non-inter-level travel time spent in this place.
 C = Inter-level travel time spent in this place.
 D = Time resting spent in this place.
 E = Time spent auto-exploring this place.
 F = Levels seen in this place.
 G = Mean time per level.
                   A        B        C        D        E       F      G
               +--------+--------+--------+--------+--------+-----+--------+
         Total |   3562 |   3531 |     31 |    743 |   2088 |   2 | 1781.0 |
       Dungeon |   3562 |   3531 |     31 |    743 |   2088 |   2 | 1781.0 |
               +--------+--------+--------+--------+--------+-----+--------+

Top non-repeatable levels by time:
     D:1: 2423 daAuts
     D:2: 1139 daAuts
